TOP OF THE 1ST |
San Francisco Giants batting - Pitching for San Diego Padres : RHP Skip Lockwood
|
Pitching: RHP Skip Lockwood
|
|
Batting: LHB Ken Griffey Sr
|
0-0: Called Strike 0-1: Ground out U3 (Groundball, 3L, EV 101.9 MPH)
|
Batting: SHB Larry Reynolds
|
0-0: Ball 1-0: Swinging Strike 1-1: SINGLE (Line Drive, 7S, EV 100.0 MPH)
|
Batting: LHB Keith Hernandez
|
0-0: Called Strike Larry Reynolds steals 2nd base 0-1: Fly out, F7 (Flyball, 78D, EV 107.5 MPH)
|
Batting: RHB Phil Bailey
|
0-0: Ball 1-0: Called Strike 1-1: Swinging Strike 1-2: Ground out 6-3 (Groundball, 6, EV 105.6 MPH)
|
Top of the 1st over - 0 runs, 1 hit, 0 errors, 1 left on base; San Francisco 0 - San Diego 0 |
BOTTOM OF THE 1ST |
San Diego Padres batting - Pitching for San Francisco Giants : LHP Floyd Bannister
|
Pitching: LHP Floyd Bannister
|
|
Batting: RHB Bob Dernier
|
0-0: Called Strike 0-1: Called Strike 0-2: Ball 1-2: Ground out 6-3 (Groundball, 6, EV 105.0 MPH)
|
Batting: RHB Joel Youngblood
|
0-0: Called Strike 0-1: Swinging Strike 0-2: Strikes out looking
|
Batting: RHB Dennis Dungy
|
0-0: Ball 1-0: Swinging Strike 1-1: Foul Ball, location: 2F 1-2: Foul Ball, location: 2F 1-2: Strikes out swinging, 2-3 out at first.
|
Bottom of the 1st over - 0 runs, 0 hits, 0 errors, 0 left on base; San Francisco 0 - San Diego 0 |
TOP OF THE 2ND |
San Francisco Giants batting - Pitching for San Diego Padres : RHP Skip Lockwood
|
Batting: RHB Don Slaught
|
0-0: Foul Ball, location: 2F 0-1: Ball 1-1: Foul Ball, location: 2F 1-2: Ball 2-2: Ground out 4-3 (Groundball, 4, EV 81.3 MPH)
|
Batting: SHB Tyler O'Dell
|
0-0: Foul Ball, location: 2F 0-1: Ball 1-1: Ball 2-1: Ball 3-1: Swinging Strike 3-2: Fly out, F9 (Line Drive, 9, EV 96.9 MPH)
|
Batting: RHB Dickie Thon
|
0-0: SINGLE (Groundball, 56S, EV 69.4 MPH) (infield hit)
|
Batting: SHB Larry Milbourne
|
0-0: Ball 1-0: Ground out U3 (Groundball, 23, EV 79.4 MPH)
|
Top of the 2nd over - 0 runs, 1 hit, 0 errors, 1 left on base; San Francisco 0 - San Diego 0 |
BOTTOM OF THE 2ND |
San Diego Padres batting - Pitching for San Francisco Giants : LHP Floyd Bannister
|
Batting: RHB Eddy Martinez
|
0-0: Ball 1-0: Swinging Strike 1-1: Foul Ball, location: 2F 1-2: Strikes out looking
|
Batting: LHB Tom Dunbar
|
0-0: Called Strike 0-1: Called Strike 0-2: Ball 1-2: Ball 2-2: Strikes out looking
|
Batting: RHB Nicky Richards
|
0-0: Ground out 5-3 (Groundball, 56, EV 103.1 MPH)
|
Bottom of the 2nd over - 0 runs, 0 hits, 0 errors, 0 left on base; San Francisco 0 - San Diego 0 |
TOP OF THE 3RD |
San Francisco Giants batting - Pitching for San Diego Padres : RHP Skip Lockwood
|
Batting: LHB Floyd Bannister
|
0-0: Foul Ball, location: 2F 0-1: SINGLE (Groundball, 34D, EV 93.8 MPH)
|
Batting: LHB Ken Griffey Sr
|
0-0: Swinging Strike 0-1: Ball 1-1: Ball 2-1: Fielders Choice at 2nd, 6-4 (Groundball, 56, EV 93.1 MPH)
|
Batting: SHB Larry Reynolds
|
0-0: Called Strike Ken Griffey Sr steals 2nd base (no throw) 0-1: Ball 1-1: Fly out, F8 (Flyball, 8RD, EV 86.3 MPH) Runner from 2nd tags up, SAFE at 3rd with throw by CF
|
Batting: LHB Keith Hernandez
|
0-0: DOUBLE (Groundball, 3L, EV 93.8 MPH) Ken Griffey Sr scores
|
Batting: RHB Phil Bailey
|
0-0: Ball 1-0: Foul Ball, location: 2F 1-1: Foul Ball, location: 2F 1-2: Ground out 4-3 (Groundball, 4M, EV 86.9 MPH)
|
Top of the 3rd over - 1 run, 2 hits, 0 errors, 1 left on base; San Francisco 1 - San Diego 0 |
BOTTOM OF THE 3RD |
San Diego Padres batting - Pitching for San Francisco Giants : LHP Floyd Bannister
|
Batting: LHB Jerry McDonald
|
0-0: Hit by Pitch
|
Batting: LHB Jeffrey Zitek
|
0-0: Ball 1-0: Fielders Choice at 2nd, 6-4 (Groundball, 6M, EV 106.3 MPH)
|
Batting: RHB Skip Lockwood
|
0-0: Bunted foul 0-1: Ball 1-1: Ball 2-1: Bunted foul 2-2: Bunted foul, Strikeout!
|
Batting: RHB Bob Dernier
|
0-0: Called Strike Jeffrey Zitek is caught stealing 2nd base 2-4
|
Bottom of the 3rd over - 0 runs, 0 hits, 0 errors, 0 left on base; San Francisco 1 - San Diego 0 |
TOP OF THE 4TH |
San Francisco Giants batting - Pitching for San Diego Padres : RHP Skip Lockwood
|
Batting: RHB Don Slaught
|
0-0: Fly out, F8 (Flyball, 8LS, EV 81.9 MPH)
|
Batting: SHB Tyler O'Dell
|
0-0: Fly out, F9 (Line Drive, 9, EV 83.8 MPH)
|
Batting: RHB Dickie Thon
|
0-0: SOLO HOME RUN (Flyball, 9D, EV 91.3 MPH), Distance : 387 ft
|
Batting: SHB Larry Milbourne
|
0-0: Ball 1-0: Ball 2-0: Called Strike 2-1: Ground out U3 (Groundball, 3S, EV 88.1 MPH)
|
Top of the 4th over - 1 run, 1 hit, 0 errors, 0 left on base; San Francisco 2 - San Diego 0 |
BOTTOM OF THE 4TH |
San Diego Padres batting - Pitching for San Francisco Giants : LHP Floyd Bannister
|
Batting: RHB Bob Dernier
|
0-0: Ball 1-0: Ball 2-0: Foul Ball, location: 2F 2-1: Foul Ball, location: 2F 2-2: SINGLE (Groundball, 4D, EV 97.5 MPH)
|
Batting: RHB Joel Youngblood
|
0-0: Called Strike 0-1: Foul Ball, location: 2F 0-2: Ball 1-2: Ball 2-2: Strikes out swinging
|
Batting: RHB Dennis Dungy
|
0-0: Ball 1-0: Ball 2-0: Ball 3-0: Base on Balls Bob Dernier to second
|
Batting: RHB Eddy Martinez
|
0-0: Ball 1-0: Foul Ball, location: 2F 1-1: Foul Ball, location: 2F 1-2: Grounds into double play, 4-6-3 (Groundball, 34, EV 80.0 MPH)
|
Bottom of the 4th over - 0 runs, 1 hit, 0 errors, 1 left on base; San Francisco 2 - San Diego 0 |
TOP OF THE 5TH |
San Francisco Giants batting - Pitching for San Diego Padres : RHP Skip Lockwood
|
Batting: LHB Floyd Bannister
|
0-0: Called Strike 0-1: Foul Ball, location: 2F 0-2: Foul Ball, location: 2F 0-2: Ball 1-2: DOUBLE (Line Drive, 3D, EV 108.1 MPH)
|
Batting: LHB Ken Griffey Sr
|
0-0: Fly out, F8 (Line Drive, 8RD, EV 100.6 MPH)
|
Batting: SHB Larry Reynolds
|
0-0: Ball 1-0: Ball 2-0: Fly out, F8 (Flyball, 89M, EV 91.9 MPH)
|
Batting: LHB Keith Hernandez
|
0-0: Ball 1-0: Fly out, F9 (Flyball, 9S, EV 80.0 MPH)
|
Top of the 5th over - 0 runs, 1 hit, 0 errors, 1 left on base; San Francisco 2 - San Diego 0 |
BOTTOM OF THE 5TH |
San Diego Padres batting - Pitching for San Francisco Giants : LHP Floyd Bannister
|
Batting: LHB Tom Dunbar
|
0-0: Fly out, F8 (Flyball, 8LXD, EV 94.4 MPH)
|
Batting: RHB Nicky Richards
|
0-0: Ball 1-0: SINGLE (Groundball, 56D, EV 103.1 MPH)
|
Batting: LHB Jerry McDonald
|
0-0: Ball 1-0: Foul Ball, location: 2F 1-1: Foul Ball, location: 2F 1-2: Foul Ball, location: 2F 1-2: Ball 2-2: Fly out, F8 (Flyball, 8LS, EV 90.0 MPH)
|
Batting: LHB Jeffrey Zitek
|
0-0: Ball 1-0: Fielders Choice at 2nd, U4 (Groundball, 4M, EV 101.9 MPH)
|
Bottom of the 5th over - 0 runs, 1 hit, 0 errors, 1 left on base; San Francisco 2 - San Diego 0 |
TOP OF THE 6TH |
San Francisco Giants batting - Pitching for San Diego Padres : RHP Skip Lockwood
|
Batting: RHB Phil Bailey
|
0-0: Ball 1-0: Called Strike 1-1: SOLO HOME RUN (Flyball, 7D, EV 113.1 MPH), Distance : 382 ft
|
Batting: RHB Don Slaught
|
0-0: DOUBLE (Line Drive, 5D, EV 96.3 MPH)
|
Batting: SHB Tyler O'Dell
|
0-0: Fly out, F8 (Flyball, 8RD, EV 100.6 MPH)
|
Batting: RHB Dickie Thon
|
0-0: Ball 1-0: Ball 2-0: Called Strike 2-1: Ground out 6-3 (Groundball, 6, EV 100.0 MPH)
|
Batting: SHB Larry Milbourne
|
0-0: Intentional Walk
|
Batting: LHB Floyd Bannister
|
0-0: Called Strike 0-1: Ball 1-1: SINGLE (Groundball, 34D, EV 95.0 MPH) Don Slaught to third Larry Milbourne to second Runner from 3rd tries for Home, SAFE, throw by RF to home
|
Batting: LHB Ken Griffey Sr
|
0-0: SINGLE (Line Drive, 4MD, EV 108.8 MPH) Larry Milbourne to third Floyd Bannister to second Runner from 3rd tries for Home, SAFE, throw by CF to home
|
Batting: SHB Larry Reynolds
|
0-0: Ball 1-0: DOUBLE (Groundball, 3L, EV 105.0 MPH) Floyd Bannister scores Ken Griffey Sr to third Runner from 3rd tries for Home, SAFE, no throw by RF
|
Pitching: RHP Luis Gutierrez
|
|
Batting: LHB Keith Hernandez
|
0-0: Ball 1-0: Ball 2-0: Ball 3-0: Called Strike 3-1: Foul Ball, location: 2F 3-2: Base on Balls
|
Batting: RHB Phil Bailey
|
0-0: Ball 1-0: Ball 2-0: Ball 3-0: Called Strike 3-1: Base on Balls Larry Reynolds to third Keith Hernandez to second
|
Batting: RHB Don Slaught
|
0-0: Called Strike 0-1: Foul Ball, location: 2F 0-2: Ball 1-2: Ground out 5-3 (Groundball, 25, EV 81.3 MPH)
|
Top of the 6th over - 5 runs, 5 hits, 0 errors, 3 left on base; San Francisco 7 - San Diego 0 |
BOTTOM OF THE 6TH |
San Diego Padres batting - Pitching for San Francisco Giants : LHP Floyd Bannister
|
Batting: LHB Luis Gutierrez
|
0-0: Foul Ball, location: 2F 0-1: Ball 1-1: Called Strike 1-2: Ball 2-2: Strikes out swinging
|
Batting: RHB Bob Dernier
|
0-0: Called Strike 0-1: Foul Ball, location: 2F 0-2: Ball 1-2: Strikes out looking
|
Batting: RHB Joel Youngblood
|
0-0: Ball 1-0: Ball 2-0: SINGLE (Line Drive, 56D, EV 99.4 MPH)
|
Batting: RHB Dennis Dungy
|
0-0: Ball 1-0: Ball 2-0: Foul Ball, location: 2F 2-1: Fly out, F8 (Flyball, 8RD, EV 100.0 MPH)
|
Bottom of the 6th over - 0 runs, 1 hit, 0 errors, 1 left on base; San Francisco 7 - San Diego 0 |
TOP OF THE 7TH |
San Francisco Giants batting - Pitching for San Diego Padres : RHP Luis Gutierrez
|
Batting: SHB Tyler O'Dell
|
0-0: Ground out U3 (Groundball, 3, EV 87.5 MPH)
|
Batting: RHB Dickie Thon
|
0-0: SINGLE (Groundball, 56D, EV 103.1 MPH)
|
Batting: SHB Larry Milbourne
|
0-0: Ball Dickie Thon steals 2nd base 1-0: Called Strike 1-1: Ball 2-1: Foul Ball, location: 2F 2-2: Foul Ball, location: 2F 2-2: Ball 3-2: Ground out 4-3 (Groundball, 4M, EV 86.9 MPH) Dickie Thon to third
|
Batting: LHB Floyd Bannister
|
0-0: Called Strike 0-1: Ball 1-1: Ball 2-1: Ground out 4-3 (Groundball, 4MS, EV 82.5 MPH)
|
Top of the 7th over - 0 runs, 1 hit, 0 errors, 1 left on base; San Francisco 7 - San Diego 0 |
BOTTOM OF THE 7TH |
San Diego Padres batting - Pitching for San Francisco Giants : LHP Floyd Bannister
|
Batting: RHB Eddy Martinez
|
0-0: Fly out, F3 (Flyball, 3D, EV 83.8 MPH)
|
Batting: LHB Tom Dunbar
|
0-0: Ball 1-0: Called Strike 1-1: Ball 2-1: Swinging Strike 2-2: Strikes out looking
|
Batting: RHB Nicky Richards
|
0-0: Foul Ball, location: 2F 0-1: Foul Ball, location: 2F 0-2: Foul Ball, location: 2F 0-2: Ball 1-2: Ball 2-2: Ball 3-2: Foul Ball, location: 2F 3-2: Strikes out swinging
|
Bottom of the 7th over - 0 runs, 0 hits, 0 errors, 0 left on base; San Francisco 7 - San Diego 0 |
TOP OF THE 8TH |
San Francisco Giants batting - Pitching for San Diego Padres : RHP Luis Gutierrez
|
Batting: LHB Ken Griffey Sr
|
0-0: Swinging Strike 0-1: Ball 1-1: Ball 2-1: SOLO HOME RUN (Flyball, 78XD, EV 105.0 MPH), Distance : 406 ft
|
Batting: SHB Larry Reynolds
|
0-0: Fly out, F4 (Popup, 34D, EV 63.1 MPH)
|
Batting: LHB Keith Hernandez
|
0-0: Ball 1-0: Foul Ball, location: 2F 1-1: Ball 2-1: SINGLE (Flyball, 8LS, EV 93.1 MPH)
|
Batting: RHB Phil Bailey
|
0-0: Called Strike 0-1: Fly out, F9 (Flyball, 9S, EV 82.5 MPH)
|
Batting: RHB Don Slaught
|
0-0: Ball 1-0: Ball 2-0: Swinging Strike 2-1: Ball 3-1: Called Strike 3-2: DOUBLE (Line Drive, 89D, EV 105.6 MPH) Keith Hernandez to third Keith Hernandez scores
|
Batting: SHB Tyler O'Dell
|
0-0: Ball 1-0: Ball 2-0: Foul Ball, location: 2F 2-1: Ball 3-1: Foul Ball, location: 2F 3-2: Base on Balls
|
Batting: RHB Dickie Thon
|
0-0: Ball 1-0: Ground out U3 (Groundball, 34, EV 86.9 MPH)
|
Top of the 8th over - 2 runs, 3 hits, 0 errors, 2 left on base; San Francisco 9 - San Diego 0 |
BOTTOM OF THE 8TH |
San Diego Padres batting - Pitching for San Francisco Giants : LHP Floyd Bannister
|
Batting: LHB Jerry McDonald
|
0-0: Ball 1-0: Ball 2-0: Ball 3-0: Base on Balls
|
Batting: LHB Jeffrey Zitek
|
0-0: Ball 1-0: Ball 2-0: Grounds into double play, 4-6-3 (Groundball, 4M, EV 101.9 MPH)
|
Batting: LHB Luis Gutierrez
|
0-0: Foul Ball, location: 2F 0-1: Called Strike 0-2: Strikes out swinging
|
Bottom of the 8th over - 0 runs, 0 hits, 0 errors, 0 left on base; San Francisco 9 - San Diego 0 |
TOP OF THE 9TH |
San Francisco Giants batting - Pitching for San Diego Padres : RHP Luis Gutierrez
|
Batting: SHB Larry Milbourne
|
0-0: Ball 1-0: Swinging Strike 1-1: Ground out 5-3 (Groundball, 56, EV 103.1 MPH)
|
Batting: LHB Floyd Bannister
|
0-0: Ball 1-0: Called Strike 1-1: Ground out 4-3 (Groundball, 13, EV 76.9 MPH)
|
Batting: LHB Ken Griffey Sr
|
0-0: Ball 1-0: Fly out, F3 (Popup, 3, EV 78.1 MPH)
|
Top of the 9th over - 0 runs, 0 hits, 0 errors, 0 left on base; San Francisco 9 - San Diego 0 |
BOTTOM OF THE 9TH |
San Diego Padres batting - Pitching for San Francisco Giants : LHP Floyd Bannister
|
Batting: RHB Bob Dernier
|
0-0: Called Strike 0-1: Ball 1-1: Ball 2-1: Ball 3-1: Called Strike 3-2: Base on Balls
|
Batting: RHB Joel Youngblood
|
0-0: Ball 1-0: SINGLE (Groundball, 25, EV 73.8 MPH) (infield hit) Bob Dernier to second
|
Batting: RHB Dennis Dungy
|
0-0: Called Strike 0-1: Fielders Choice at 2nd, 6-4 (Groundball, 6, EV 85.0 MPH) Bob Dernier to third
|
Batting: RHB Eddy Martinez
|
0-0: Ball 1-0: Ball 2-0: Called Strike 2-1: Called Strike 2-2: Ball 3-2: Grounds into double play, 6-4-3 (Groundball, 6, EV 93.1 MPH)
|
Bottom of the 9th over - 0 runs, 1 hit, 0 errors, 1 left on base; San Francisco 9 - San Diego 0 |
|